PAA
SPRINGFIELD SHOOTERS @ NORTHVILLE ECLIPSE
09/06/2037
 
TOP OF THE 1ST
Springfield Shooters batting - Pitching for Northville Eclipse : LHP Efren Rasonable
Pitching: LHP Efren Rasonable
Batting: RHB Shigeaki Samurakami 0-0: Ball
1-0: SINGLE (Line Drive, 8LS, EV 108.1 MPH)
Batting: RHB António Delgado 0-0: Called Strike
0-1: Foul Ball, location: 2F
0-2: Ball
1-2: Ball
2-2: Ball
3-2: Base on Balls
Shigeaki Samurakami to second
Batting: RHB Bob Williams 0-0: Foul Ball, location: 2F
0-1: Ball
1-1: Ball
2-1: Ball
3-1: Base on Balls
Shigeaki Samurakami to third
António Delgado to second
Batting: RHB Cornell MacDonald 0-0: Called Strike
0-1: Foul Ball, location: 2F
0-2: SINGLE (Groundball, 6MD, EV 108.1 MPH)
Shigeaki Samurakami scores
António Delgado to third
Bob Williams to second
Runner from 3rd tries for Home, SAFE, throw by CF to home
Batting: LHB Sean Cox 0-0: Ball
1-0: Fielders Choice at 2nd, 4-6 (Groundball, 4, EV 83.1 MPH)
Bob Williams to third
Batting: RHB Ricardo Torres 0-0: Ball
1-0: Called Strike
1-1: Called Strike
1-2: Fly out, F8 (Flyball, 8LS, EV 85.6 MPH)
Batting: SHB Francisco Rodríguez 0-0: Ball
1-0: Ball
2-0: Called Strike
2-1: Ball
3-1: Called Strike
3-2: DOUBLE (Flyball, 78XD, EV 108.1 MPH)
Bob Williams scores
Sean Cox to third
Sean Cox scores
Batting: RHB Lucas Smith 0-0: Called Strike
0-1: Swinging Strike
0-2: Ball
1-2: Ground out 1-3 (Groundball, 15S, EV 74.4 MPH)
Top of the 1st over - 4 runs, 3 hits, 0 errors, 1 left on base; Springfield 4 - Northville 0
BOTTOM OF THE 1ST
Northville Eclipse batting - Pitching for Springfield Shooters : RHP Jami Haakana
Pitching: RHP Jami Haakana
Batting: LHB Tillmam Cru 0-0: Ball
1-0: Ball
2-0: Swinging Strike
2-1: Foul Ball, location: 2F
2-2: Ball
3-2: Base on Balls
Batting: LHB Jon Ellender 0-0: Called Strike
0-1: Called Strike
0-2: Ball
1-2: Ball
2-2: Ball
3-2: Fielders Choice at 2nd, 4-6 (Groundball, 34, EV 76.9 MPH)
Batting: RHB Noel Peterson 0-0: Called Strike
0-1: Ball
1-1: Fly out, F7 (Flyball, 7LS, EV 80.0 MPH)
Batting: LHB Marvello Obra 0-0: Ball
1-0: SINGLE (Groundball, 5D, EV 95.0 MPH)
Jon Ellender to second
Batting: RHB Pat Geldart 0-0: Ball
1-0: Fly out, F9 (Flyball, 9D, EV 79.4 MPH)
Bottom of the 1st over - 0 runs, 1 hit, 0 errors, 2 left on base; Springfield 4 - Northville 0
TOP OF THE 2ND
Springfield Shooters batting - Pitching for Northville Eclipse : LHP Efren Rasonable
Batting: RHB Manny Valentín 0-0: Fly out, F8 (Flyball, 8RS, EV 90.0 MPH)
Batting: RHB Shigeaki Samurakami 0-0: Called Strike
0-1: Ball
1-1: Ball
2-1: Fly out, F8 (Line Drive, 8LD, EV 85.6 MPH)
Batting: RHB António Delgado 0-0: Called Strike
0-1: Ball
1-1: Ball
2-1: Called Strike
2-2: Ball
3-2: Fly out, F7 (Line Drive, 7, EV 104.4 MPH)
Top of the 2nd over - 0 runs, 0 hits, 0 errors, 0 left on base; Springfield 4 - Northville 0
BOTTOM OF THE 2ND
Northville Eclipse batting - Pitching for Springfield Shooters : RHP Jami Haakana
Batting: LHB Raymond Dudzinski 0-0: Called Strike
0-1: Ball
1-1: DOUBLE (Line Drive, 78M, EV 112.5 MPH)
Batting: RHB Ik-jun Cho 0-0: SINGLE (Groundball, 56D, EV 96.9 MPH)
Raymond Dudzinski to third
Batting: RHB Wade Tazewell 0-0: Called Strike
0-1: Ball
1-1: Foul Ball, location: 2F
1-2: Foul Ball, location: 2F
1-2: Grounds into double play, 4-6-3 (Groundball, 4, EV 86.9 MPH)
Raymond Dudzinski scores
Batting: RHB Colm Shapland 0-0: Swinging Strike
0-1: Ball
1-1: Foul Ball, location: 2F
1-2: Ground out 5-3 (Groundball, 56, EV 99.4 MPH)
Bottom of the 2nd over - 1 run, 2 hits, 0 errors, 0 left on base; Springfield 4 - Northville 1
TOP OF THE 3RD
Springfield Shooters batting - Pitching for Northville Eclipse : LHP Efren Rasonable
Batting: RHB Bob Williams 0-0: Ball
1-0: Called Strike
1-1: Fly out, F8 (Flyball, 8RS, EV 93.1 MPH)
Batting: RHB Cornell MacDonald 0-0: Ball
1-0: Ball
2-0: Ball
3-0: Called Strike
3-1: Base on Balls
Batting: LHB Sean Cox 0-0: Ball
1-0: Ball
2-0: Called Strike
2-1: Ground out 4-3 (Groundball, 34D, EV 98.1 MPH)
Cornell MacDonald to second
Batting: RHB Ricardo Torres 0-0: Ball
1-0: Ground out 1-3 (Groundball, 34S, EV 76.9 MPH)
Top of the 3rd over - 0 runs, 0 hits, 0 errors, 1 left on base; Springfield 4 - Northville 1
BOTTOM OF THE 3RD
Northville Eclipse batting - Pitching for Springfield Shooters : RHP Jami Haakana
Batting: LHB Tillmam Cru 0-0: Ground out U3 (Groundball, 34, EV 104.4 MPH)
Batting: LHB Jon Ellender 0-0: Ball
1-0: Foul Ball, location: 2F
1-1: Foul Ball, location: 2F
1-2: Strikes out looking
Batting: RHB Noel Peterson 0-0: Ball
1-0: Called Strike
1-1: Ground out 4-3 (Groundball, 34D, EV 99.4 MPH)
Bottom of the 3rd over - 0 runs, 0 hits, 0 errors, 0 left on base; Springfield 4 - Northville 1
TOP OF THE 4TH
Springfield Shooters batting - Pitching for Northville Eclipse : LHP Efren Rasonable
Batting: SHB Francisco Rodríguez 0-0: Ball
1-0: Called Strike
1-1: Foul Ball, location: 2F
1-2: Strikes out swinging
Batting: RHB Lucas Smith 0-0: Ground out 4-3 (Groundball, 4, EV 85.6 MPH)
Batting: RHB Manny Valentín 0-0: Swinging Strike
0-1: Ball
1-1: Fly out, F4 (Line Drive, 4, EV 67.5 MPH)
Top of the 4th over - 0 runs, 0 hits, 0 errors, 0 left on base; Springfield 4 - Northville 1
BOTTOM OF THE 4TH
Northville Eclipse batting - Pitching for Springfield Shooters : RHP Jami Haakana
Batting: LHB Marvello Obra 0-0: Foul Ball, location: 2F
0-1: Ball
1-1: Foul Ball, location: 2F
1-2: Foul Ball, location: 2F
1-2: Ball
2-2: Foul Ball, location: 2F
2-2: Foul Ball, location: 2F
2-2: SINGLE (Groundball, 34D, EV 96.9 MPH)
Batting: RHB Pat Geldart 0-0: Ball
1-0: Ball
2-0: Swinging Strike
2-1: Ball
3-1: DOUBLE (Line Drive, 89D, EV 112.5 MPH)
Marvello Obra to third
Batting: LHB Raymond Dudzinski 0-0: Ground out 5-3 (Groundball, 5, EV 90.0 MPH)
Batting: RHB Ik-jun Cho 0-0: Called Strike
0-1: Ball
1-1: Ball
2-1: Ball
3-1: Base on Balls
Batting: RHB Wade Tazewell 0-0: Ball
1-0: Foul Ball, location: 2F
1-1: Ball
2-1: Fly out, F9 (Flyball, 89S, EV 91.2 MPH)
Batting: RHB Colm Shapland 0-0: Called Strike
0-1: Ground out 3-1 (Groundball, 34, EV 80.6 MPH)
Bottom of the 4th over - 0 runs, 2 hits, 0 errors, 3 left on base; Springfield 4 - Northville 1
TOP OF THE 5TH
Springfield Shooters batting - Pitching for Northville Eclipse : LHP Efren Rasonable
Batting: RHB Shigeaki Samurakami 0-0: Called Strike
0-1: Foul Ball, location: 2F
0-2: Fly out, F8 (Line Drive, 8LD, EV 102.5 MPH)
Batting: RHB António Delgado 0-0: Ball
1-0: Called Strike
1-1: Fly out, F8 (Line Drive, 8LM, EV 98.1 MPH)
Batting: RHB Bob Williams 0-0: Fly out, F7 (Flyball, 7S, EV 90.6 MPH)
Top of the 5th over - 0 runs, 0 hits, 0 errors, 0 left on base; Springfield 4 - Northville 1
BOTTOM OF THE 5TH
Northville Eclipse batting - Pitching for Springfield Shooters : RHP Jami Haakana
Batting: LHB Tillmam Cru 0-0: Foul Ball, location: 2F
0-1: Ball
1-1: Ball
2-1: Ball
3-1: Foul Ball, location: 2F
3-2: Ground out 1-3 (Groundball, 34S, EV 86.2 MPH)
Batting: LHB Jon Ellender 0-0: Swinging Strike
0-1: Ball
1-1: Ball
2-1: Ball
3-1: Swinging Strike
3-2: Strikes out swinging
Pitching: LHP Georgy Gilyazitdinov
Batting: RHB Noel Peterson 0-0: DOUBLE (Line Drive, 3D, EV 97.5 MPH)
Batting: LHB Marvello Obra 0-0: Called Strike
0-1: Ball
1-1: Ground out 4-3 (Groundball, 34, EV 88.1 MPH)
Bottom of the 5th over - 0 runs, 1 hit, 0 errors, 1 left on base; Springfield 4 - Northville 1
TOP OF THE 6TH
Springfield Shooters batting - Pitching for Northville Eclipse : LHP Efren Rasonable
Batting: RHB Cornell MacDonald 0-0: Foul Ball, location: 2F
0-1: Ball
1-1: Foul Ball, location: 2F
1-2: Fly out, F4 (Popup, 3DF, EV 55.0 MPH)
Batting: LHB Sean Cox 0-0: Ball
1-0: Foul Ball, location: 2F
1-1: DOUBLE (Line Drive, 7LD, EV 101.2 MPH)
Batting: RHB Ricardo Torres 0-0: Fly out, F5 (Popup, 5, EV 68.8 MPH)
Batting: SHB Francisco Rodríguez 0-0: Swinging Strike
0-1: Swinging Strike
0-2: Strikes out swinging
Top of the 6th over - 0 runs, 1 hit, 0 errors, 1 left on base; Springfield 4 - Northville 1
BOTTOM OF THE 6TH
Northville Eclipse batting - Pitching for Springfield Shooters : LHP Georgy Gilyazitdinov
Batting: RHB Pat Geldart 0-0: Foul Ball, location: 2F
0-1: Ball
1-1: Foul Ball, location: 2F
1-2: Ground out 1-3 (Groundball, 34S, EV 78.1 MPH)
Batting: LHB Raymond Dudzinski 0-0: Called Strike
0-1: Called Strike
0-2: Ground out 1-3 (Groundball, 13S, EV 66.2 MPH)
Batting: RHB Ik-jun Cho 0-0: Ball
1-0: Called Strike
1-1: Ball
2-1: Ball
3-1: Called Strike
3-2: Ground out 4-3 (Groundball, 4, EV 91.2 MPH)
Bottom of the 6th over - 0 runs, 0 hits, 0 errors, 0 left on base; Springfield 4 - Northville 1
TOP OF THE 7TH
Springfield Shooters batting - Pitching for Northville Eclipse : LHP Efren Rasonable
Batting: RHB Lucas Smith 0-0: Foul Ball, location: 2F
0-1: Called Strike
0-2: Ball
1-2: Strikes out swinging
Batting: RHB Manny Valentín 0-0: Called Strike
0-1: Ball
1-1: Ball
2-1: Foul Ball, location: 2F
2-2: Ball
3-2: Foul Ball, location: 2F
3-2: Base on Balls
Pitching: RHP Roger Edwards
Batting: RHB Shigeaki Samurakami 0-0: Ball
1-0: Called Strike
1-1: Foul Ball, location: 2F
1-2: Strikes out swinging
Batting: RHB António Delgado 0-0: Ball
1-0: Ball
2-0: Swinging Strike
2-1: Swinging Strike
2-2: Ball
Manny Valentín steals 2nd base (no throw)
3-2: Base on Balls
Batting: RHB Bob Williams 0-0: Ball
1-0: Called Strike
1-1: Ball
2-1: Foul Ball, location: 2F
2-2: Ball
3-2: 3-RUN HOME RUN (Flyball, 9D, EV 100.6 MPH), Distance : 379 ft
Batting: RHB Cornell MacDonald 0-0: Called Strike
0-1: Ball
1-1: Foul Ball, location: 2F
1-2: Ball
2-2: Strikes out swinging
Top of the 7th over - 3 runs, 1 hit, 0 errors, 0 left on base; Springfield 7 - Northville 1
BOTTOM OF THE 7TH
Northville Eclipse batting - Pitching for Springfield Shooters : LHP Georgy Gilyazitdinov
Batting: RHB Wade Tazewell 0-0: Swinging Strike
0-1: Swinging Strike
0-2: Ball
1-2: Foul Ball, location: 2F
1-2: Ball
2-2: Strikes out swinging
Batting: RHB Colm Shapland 0-0: Called Strike
0-1: Ground out 6-3 (Groundball, 56, EV 81.2 MPH)
Batting: LHB Tillmam Cru 0-0: Ball
1-0: Called Strike
1-1: Foul Ball, location: 2F
1-2: Ball
2-2: Foul Ball, location: 2F
2-2: Ball
3-2: Strikes out swinging
Bottom of the 7th over - 0 runs, 0 hits, 0 errors, 0 left on base; Springfield 7 - Northville 1
TOP OF THE 8TH
Springfield Shooters batting - Pitching for Northville Eclipse : RHP Roger Edwards
Batting: LHB Sean Cox 0-0: Ground out 4-3 (Groundball, 4, EV 78.1 MPH)
Batting: RHB Ricardo Torres 0-0: Called Strike
0-1: SINGLE (Groundball, 6MD, EV 107.5 MPH)
Batting: SHB Francisco Rodríguez 0-0: Ball
1-0: Ball
2-0: Ball
3-0: Base on Balls
Ricardo Torres to second
Batting: RHB Lucas Smith 0-0: Called Strike
0-1: Ball
1-1: Foul Ball, location: 2F
1-2: Ball
2-2: Ball
3-2: Base on Balls
Ricardo Torres to third
Francisco Rodríguez to second
Batting: RHB Manny Valentín 0-0: Called Strike
0-1: Swinging Strike
0-2: Strikes out swinging
Batting: RHB Shigeaki Samurakami 0-0: Ball
1-0: Called Strike
1-1: Ball
Wild Pitch!
Ricardo Torres scores
Francisco Rodríguez to third
Lucas Smith to second
2-1: Ball
3-1: Base on Balls
Pinch Hitting: LHB Mike Murdock 0-0: Swinging Strike
0-1: Ball
1-1: Swinging Strike
1-2: Ball
2-2: Foul Ball, location: 2F
2-2: Foul Ball, location: 2F
2-2: Foul Ball, location: 2F
2-2: Ball
3-2: Strikes out swinging
Top of the 8th over - 1 run, 1 hit, 0 errors, 3 left on base; Springfield 8 - Northville 1
BOTTOM OF THE 8TH
Northville Eclipse batting - Pitching for Springfield Shooters : LHP Georgy Gilyazitdinov
Now at 1B: Francisco Chávez
Batting: LHB Jon Ellender 0-0: Ball
1-0: Foul Ball, location: 7LSF, Error on foul ball, E7
1-1: Fly out, F9 (Flyball, 9, EV 90.6 MPH)
Batting: RHB Noel Peterson 0-0: Called Strike
0-1: Ball
1-1: Foul Ball, location: 2F
1-2: Fly out, F8 (Flyball, 8LD, EV 97.5 MPH)
Batting: LHB Marvello Obra 0-0: Called Strike
0-1: Swinging Strike
0-2: Ball
1-2: Ball
2-2: Fly out, F8 (Flyball, 8RS, EV 93.8 MPH)
Bottom of the 8th over - 0 runs, 0 hits, 1 error, 0 left on base; Springfield 8 - Northville 1
TOP OF THE 9TH
Springfield Shooters batting - Pitching for Northville Eclipse : RHP Roger Edwards
Batting: RHB Bob Williams 0-0: Called Strike
0-1: Ball
1-1: Foul Ball, location: 2F
1-2: Strikes out swinging
Batting: RHB Cornell MacDonald 0-0: Called Strike
0-1: Ball
1-1: Foul Ball, location: 2F
1-2: Fly out, F4 (Line Drive, 4, EV 69.4 MPH)
Batting: LHB Sean Cox 0-0: Ball
1-0: Called Strike
1-1: Ball
2-1: Ground out 1-3 (Groundball, 13S, EV 73.1 MPH)
Top of the 9th over - 0 runs, 0 hits, 0 errors, 0 left on base; Springfield 8 - Northville 1
BOTTOM OF THE 9TH
Northville Eclipse batting - Pitching for Springfield Shooters : LHP Georgy Gilyazitdinov
Batting: RHB Pat Geldart 0-0: Ball
1-0: Ball
2-0: Ball
3-0: Called Strike
3-1: Base on Balls
Batting: LHB Raymond Dudzinski 0-0: Swinging Strike
0-1: Ball
1-1: Ball
2-1: Swinging Strike
2-2: Foul Ball, location: 2F
2-2: Foul Ball, location: 2F
2-2: Foul Ball, location: 2F
2-2: Ball
3-2: SINGLE (Groundball, 56D, EV 96.9 MPH)
Pat Geldart to second
Pitching: LHP Stan Sweeney
Batting: RHB Ik-jun Cho 0-0: Ball
1-0: Ball
2-0: Swinging Strike
2-1: Ball
3-1: Base on Balls
Pat Geldart to third
Raymond Dudzinski to second
Batting: RHB Wade Tazewell 0-0: Ball
1-0: Fly out, F4 (Popup, 4, EV 72.5 MPH)
Batting: RHB Colm Shapland 0-0: Called Strike
0-1: Ball
1-1: Ball
2-1: Fly out, F8 (Line Drive, 8RM, EV 100.0 MPH)
Runner from 3rd tags up, SCORES, no throw by CF
Batting: LHB Tillmam Cru 0-0: Called Strike
0-1: Ball
Balk!
Raymond Dudzinski to third
Ik-jun Cho to second
1-1: Ball
2-1: Foul Ball, location: 2F
2-2: Ball
3-2: Foul Ball, location: 2F
3-2: Foul Ball, location: 2F
3-2: SINGLE (Flyball, 89M, EV 88.1 MPH)
Raymond Dudzinski scores
Ik-jun Cho to third
Ik-jun Cho scores
Batting: LHB Jon Ellender 0-0: Foul Ball, location: 2F
0-1: Foul Ball, location: 2F
0-2: Ball
1-2: Strikes out swinging
Bottom of the 9th over - 3 runs, 2 hits, 0 errors, 1 left on base; Springfield 8 - Northville 4
Thursday, January 23rd, 2020 - OOTP Baseball 20.8 Build 74